 Dungeon Crawl Stone Soup version 0.15-a0-134-gcf47855 (webtiles) character file.

1434 PolkaDot the Conjurer (level 8, -5/52 HPs)
             Began as a Vampire Conjurer on Apr 12, 2014.
             Slain by Edmund
             ... wielding a +5,+2 flail of draining
              (6 damage)
             ... on Level 5 of the Dungeon.
             The game lasted 00:34:25 (4957 turns).

PolkaDot the Conjurer (Vampire Conjurer)            Turns: 4957, Time: 00:34:25

HP  -5/52        AC  5     Str  7      XL: 8   Next: 20%
MP   0/12        EV 12     Int 19      God:
Gold 241         SH  0     Dex 14      Spells:  3 memorised,  4 levels left

rFire  . . .     SeeInvis +     l - -2,-3 cutlass (curse)
rCold  . . .     Clarity  .     j - +0 robe (curse)
rNeg   . . .     Conserve .     (no shield)
rPois  .         rCorr    .     (no helmet)
rElec  .         rRot     .     (no cloak)
SustAb . .       Spirit   .     (no gloves)
rMut   .         Warding  .     (no boots)
Saprov . . .     Stasis   .     (no amulet)
MR     .....                    (no ring)
                                e - +3 ring of protection

@: regenerating quickly, not resistant to hostile enchantments, stealthy
A: bottle blood, fangs 3, see invisible, low mp 1, screaming 1, unbreathing
a: Bottle Blood


You were on level 5 of the Dungeon.
You were very full.

You visited 1 branch of the dungeon, and saw 5 of its levels.

You collected 241 gold pieces.

Inventory:

Hand weapons
 l - a cursed -2,-3 cutlass (weapon)
Armour
 g - a +0 swamp dragon armour
 j - a cursed +0 robe (worn)
Magical devices
 d - a wand of enslavement (10)
 f - a wand of flame (6)
Scrolls
 a - a scroll of identify
 b - 3 scrolls of remove curse
 h - 2 scrolls of teleportation
Jewellery
 e - a +3 ring of protection (left hand)
Potions
 k - a potion of brilliance
 m - a potion of haste
 n - 2 potions of restore abilities
 o - a potion of flight
Books
 c - a book of Conjurations

   Spells                             Type                      Level
   *Magic Dart                        Conjuration                  1
   *Searing Ray                       Conjuration                  2
   Dazzling Spray                     Conjuration/Hexes            3
   Fulminant Prism                    Conjuration/Hexes            4
   *Iskenderun's Mystic Blast         Conjuration                  4
   Iskenderun's Battlesphere          Conjuration/Charms           5


   Skills:
 - Level 2.1 Dodging
 - Level 3.0 Stealth
 - Level 2.4 Spellcasting
 * Level 8.0 Conjurations


You had 4 spell levels left.
You knew the following spells:

 Your Spells              Type           Power        Failure   Level  Hunger
a - Magic Dart            Conj           ####         1%          1    #......
d - Iskenderun's Mystic   Conj           ####....     8%          4    #####..
s - Searing Ray           Conj           ####..       1%          2    ##.....


Dungeon Overview and Level Annotations

Branches:
Dungeon (5/15)
 Temple: D:4-7

Altars:

Shops:
D:4 %

Annotations:
D:5 Edmund


Innate Abilities, Weirdness & Mutations

Your natural rate of healing is unusually fast.
You can bottle blood from corpses.
You have razor-sharp teeth.*
You have supernaturally acute eyesight.
You can survive without breathing.*
Your magical capacity is low (-10% MP).+ You occasionally shout uncontrollably.+


Message History

The puff of flame hits Edmund.
Edmund appears unharmed.
Edmund is almost dead.
Edmund zaps a wand.
The puff of frost misses you.
Drink which item? (? for menu, Esc to quit)
Okay, then.
Read which item? (? for menu, Esc to quit)
Okay, then.
Evoke which item? (* to show all) (? for menu, Esc to quit)
Zapping:
f - a wand of flame {zapped: 3}
Press: ? - help, Shift-Dir - straight line, f/p - Edmund
Aim: Edmund, wielding a glowing flail, wearing a shiny ring mail and carrying a wand of frost {zapped: 10} (almost dead)
The puff of flame hits Edmund.
Edmund is almost dead.
Edmund zaps a wand.
The puff of frost hits you!
One of your 2 potions of flight freezes and shatters!
* * * LOW HITPOINT WARNING * * *
You closely miss Edmund. Your bite misses Edmund.
Edmund is almost dead.
Edmund hits you with a glowing flail.
You die...

#.#.##.## ♣♣... #.#.##.# ♣♣.♣
#.#.##.# #≈≈≈ #......# ######
###.#### ##...## #[..#
##...).# # #...## ##....... #
....#.#######....####....(...
+
...........@@.......'........
#
...##.########...####........
# #..## ##....... #..#
##.....# ##.# ##...## #.#
##+## #.# #.# ####.#### #.#
#.......# ####.###


You could see Edmund.

Vanquished Creatures
  Grinder (D:3)
  Eustachio (D:5)
  2 ogres
  Sigmund (D:3)
  A giant frog (D:4)
  2 scorpions (D:4)
  A jelly (D:5)
  2 orc priests (D:4)
  3 orc wizards (D:4)
  3 worker ants (D:4)
  Ijyb (D:2)
  Jessica (D:3)
  3 adders (D:2)
  2 giant mites
  2 worms
  An ufetubus (D:5)
  An adder skeleton (D:5)
  A giant gecko (D:1)
  An ooze (D:3)
  11 orcs
  2 ball pythons
  5 giant cockroaches
  8 hobgoblins
  6 jackals
  5 kobolds
  3 quokkas
  15 bats
  8 giant newts
  8 goblins
  13 rats
114 creatures vanquished.

Notes
Turn   | Place    | Note
--------------------------------------------------------------
     0 | D:1      | PolkaDot, the Vampire Conjurer, began the quest for the Orb.
     0 | D:1      | Reached XP level 1. HP: 13/13 MP: 3/3
   376 | D:1      | Reached XP level 2. HP: 19/19 MP: 0/4
   380 | D:1      | Learned a level 2 spell: Searing Ray
  1212 | D:2      | Reached XP level 3. HP: 21/24 MP: 0/6
  1520 | D:2      | Noticed Ijyb
  1543 | D:2      | Gained mutation: You occasionally shout uncontrollably. [potion of mutation]
  1543 | D:2      | Gained mutation: Your magical capacity is low (-10% MP). [potion of mutation]
  1607 | D:2      | Killed Ijyb
  1607 | D:2      | Reached skill level 4 in Conjurations
  1607 | D:2      | Reached XP level 4. HP: 17/30 MP: 1/7
  2005 | D:2      | Noticed an ogre
  2041 | D:1      | Learned a level 4 spell: Iskenderun's Mystic Blast
  2132 | D:2      | Killed an ogre
  2132 | D:2      | Reached XP level 5. HP: 23/35 MP: 0/8
  2386 | D:3      | Noticed Sigmund
  2457 | D:3      | Killed Sigmund
  2457 | D:3      | Reached skill level 5 in Conjurations
  2520 | D:3      | Reached XP level 6. HP: 41/41 MP: 7/9
  2744 | D:3      | Noticed Jessica
  2756 | D:3      | Killed Jessica
  3463 | D:4      | Reached skill level 6 in Conjurations
  3492 | D:4      | Reached XP level 7. HP: 35/46 MP: 3/10
  3573 | D:4      | Noticed Grinder
  3606 | D:3      | Killed Grinder
  3606 | D:3      | Reached skill level 7 in Conjurations
  4204 | D:4      | Reached XP level 8. HP: 47/52 MP: 7/12
  4256 | D:4      | Found Foasse Zate's Food Shop.
  4370 | D:5      | Entered Level 5 of the Dungeon
  4503 | D:5      | Noticed Eustachio
  4513 | D:5      | Killed Eustachio
  4513 | D:5      | Reached skill level 8 in Conjurations
  4932 | D:5      | Noticed Edmund
  4956 | D:5      | HP: 1/52 [Edmund/wand of frost (4)]
  4957 | D:5      | Slain by Edmund

Action                   |  1- 3 |  4- 6 |  7- 9 || total
-------------------------+-------+-------+-------++-------
Melee: Unarmed           |    38 |       |       ||    38
       Spear             |     9 |    56 |    61 ||   126
       Cutlass           |       |       |    12 ||    12
 Cast: Magic Dart        |    35 |    26 |     7 ||    68
       Searing Ray       |     9 |    18 |    21 ||    48
Evoke: Wand              |       |       |     4 ||     4
  Use: Potion            |     3 |     2 |     5 ||    10
       Scroll            |     2 |     4 |     7 ||    13
 Stab: Sleeping          |       |     2 |     2 ||     4
